 Dungeon Crawl Stone Soup version 0.31.0-11-ge490571c62 (webtiles) character file.

Game seed: 3499945373014954779

88 SnakkuSnakku7 the Insei (level 4, 0/52 HPs)
             Began as a Merfolk Air Elementalist on Jan 30, 2024.
             Succumbed to an adder's poison
             ... on level 2 of the Dungeon.
             The game lasted 00:02:06 (1514 turns).

SnakkuSnakku7 the Insei (Merfolk Air Elementalist)  Turns: 1514, Time: 00:02:07

Health: 0/52       AC: 22    Str: 10    XL:     4   Next: 54%
Magic:  4/7        EV:  2    Int: 14    God:
Gold:   82         SH:  0    Dex: 14    Spells: 6/7 levels left

rFire   . .          .
                       - Unarmed
rCold   . . .        (no shield)
rNeg    . . .        a - melded +0 robe
rPois   +            (helmet currently unavailable)
rElec   .            (cloak currently unavailable)
rCorr   .            (gloves currently unavailable)
SInv    .            (boots currently unavailable)
Will    +....        h - amulet of magic regeneration
Stlth   ++           (no ring)
HPRegen 0.28/turn    (no ring)
MPRegen 0.50/turn

%: no passive effects
@: lethally poisoned (0 -> -7), tree-form, enlightened, hasted, very quick
A: stationary, stasis, torment immunity, boosted hp, (nimble swimmer 2),
(mertail)
a: no special abilities


You were on level 2 of the Dungeon.
You were a tree.
You visited 1 branch of the dungeon, and saw 2 of its levels.

You collected 82 gold pieces.

Inventory:

Armour
 a - a +0 robe (melded)
Jewellery
 h - an amulet of magic regeneration (around neck)
Wands
 k - a wand of flame (22)
Scrolls
 e - a scroll of enchant weapon {unknown}
 f - a scroll of teleportation {unknown}
 g - a scroll of revelation {unknown}
 j - 3 scrolls of fog {unknown}
Potions
 b - a potion of magic
 c - a potion of haste


   Skills:
 + Level 3.0 Fighting
 - Level 2.6 Dodging
 - Level 2.1 Stealth
 + Level 3.0 Unarmed Combat
 - Level 2.0 Spellcasting
 - Level 0.7 Conjurations
 - Level 2.4 Air Magic


You had 6 spell levels left.
You knew the following spells:

 Your Spells              Type           Power      Damage    Failure   Level
a - Shock                 Conj/Air       20%        1d4       13%         1

Your spell library contained the following spells:

 Spells                   Type           Power      Damage    Failure   Level
 Static Discharge         Conj/Air       10%        3-4/arc   19%         2
 Swiftness                Air            8%         N/A       26%         3
 Airstrike                Air            4%         2d(1-17)  65%         4


Dungeon Overview and Level Annotations

Branches:
Dungeon (2/15)

Altars:


Innate Abilities, Weirdness & Mutations

You are a tree.
Your roots penetrate the ground, keeping you stationary.
You cannot be teleported.
You are immune to unholy pain and torment.
Your maximum health is greatly increased.
Your equipment is partially melded.
((You are very nimble when in or above water. (Stealth+, EV+, Speed+++)))
((Your lower body shifts to a powerful aquatic tail in water.))


Message History

You feel sick. The adder bites you.
You are more poisoned.
The adder poisons you!
Aiming: Shock (safe; 13% risk of failure)
Press: ? - help, Q - select action, (/) - cycle Shift-Dir - straight line The zap misses the adder. x2
You feel sick. The adder bites you.
You are more poisoned.
The adder poisons you!
Aiming: Shock (safe; 13% risk of failure)
Press: ? - help, Q - select action, (/) - cycle Shift-Dir - straight line The zap misses the adder.
The zap hits the adder.
The adder is almost dead.
You feel very sick. The adder barely misses you. The adder bites you.
* * * LOW HITPOINT WARNING * * *
You are more poisoned.
The adder poisons you!
Aiming: Shock (safe; 13% risk of failure)
Press: ? - help, Q - select action, (/) - cycle Shift-Dir - straight line The zap hits the adder.
You kill the adder!
* * * LOW HITPOINT WARNING * * *
You feel very sick.
Your magical contamination has completely faded away.
Your Fighting skill increases to level 3!
Your Unarmed Combat skill increases to level 3!
It was a potion of haste.
You feel yourself speed up.
* * * LOW HITPOINT WARNING * * *
You feel very sick.
It was a potion of enlightenment.
You feel very buoyant.
You fly up into the air.
* * * LOW HITPOINT WARNING * * *
You feel sick.
It was a potion of lignification.
You turn into a tree.
Your +0 robe melds into your body.
Your roots penetrate the ground.
* * * LOW HITPOINT WARNING * * *
You feel sick.
You die...

.....# ##.## #...# .....## #...##
##...# # ......# #....# #....##
##
.......###....#########.....####.
.......+....................)..).
.......####...#########...[.####.
......## ##..###### #....## ##
.....## ##......###...### #
#...## ###.♣......... ##+##
#..†######... #.# #..#.....##..#
#.# #..#.....# #.. ##.## #..#
....# #...## #..# ..(.# ..##
.....# #..# ...# .... #...##
#..## #### .##
.#.############...#


There were no monsters in sight!

Vanquished Creatures
  An orc wizard (D:2)
  3 adders (D:2)
  A dart slug (D:1)
  4 orcs (D:2)
  A ball python (D:1)
  3 bats
  3 endoplasms
  3 goblins
  2 hobgoblins
  A quokka (D:1)
  3 frilled lizards
  3 kobolds (D:1)
  3 rats (D:2)
31 creatures vanquished.

Notes
Turn   | Place    | Note
-------+----------+-------------------------------------------
     0 | D:1      | SnakkuSnakku7 the Merfolk Air Elementalist began the quest
                  | for the Orb.
     0 | D:1      | Reached XP level 1. HP: 13/13 MP: 3/3
   298 | D:1      | Reached skill level 1 in Fighting
   298 | D:1      | Reached skill level 1 in Unarmed Combat
   318 | D:1      | Reached XP level 2. HP: 20/21 MP: 3/5
   716 | D:1      | Found a faded altar of an unknown god.
   898 | D:2      | Identified the +0 whip of Xom, Feeding {drain, rElec rPois
                  | Will- Str+3}
   932 | D:2      | Reached XP level 3. HP: 25/27 MP: 1/6
  1287 | D:2      | Reached XP level 4. HP: 12/34 MP: 1/7
  1513 | D:2      | HP: 2/52 [poisoned by an adder]
  1514 | D:2      | Succumbed to an adder's poison

Illustrated notes

Levels and vault maps discovered:
D:1:      minmay_arrival_widening_spiral_narrow, layout_loops_ring,
          dreamdust_ecumenical_altar_hidden_monk_grotto
D:2:      layout_loops_corners, basic_altar, st_stairs_12, minmay_3d_cube

Skill      XL: |  1  2  3  4 |
---------------+-------------+-----
Fighting       | 1 2 3 |  3.0
Unarmed Combat | 1 2 3 |  3.0
Dodging        | |  2.6
Stealth        | |  2.1
Spellcasting   | |  2.0
Conjurations   | |  0.7
Air Magic      | |  2.4

Action                     |  1- 3 |  4- 6 || total
---------------------------+-------+-------++-------
  Melee: Unarmed           |    72 |    11 ||    83
         Punch             |     1 |       ||     1
   Cast: Shock             |    37 |    10 ||    47
    Use: Potion            |       |     3 ||     3
   Stab: Sleeping          |     1 |     1 ||     2
 Armour: Robe              |    43 |    12 ||    55
  Dodge: Dodged            |    46 |     9 ||    55
